 Dungeon Sprint DCSS version 0.21-a0-417-g0adc95b (webtiles) character file.

611 Kidiri the Skirmisher (level 7, -9/67 HPs)
             Began as a Pale Draconian Transmuter on Nov 3, 2017.
             Was a Follower of Wu Jian.
             Mangled by a centaur warrior (13 damage)
             ... in the Dungeon (Sprint I: "Red Sonja").
             The game lasted 00:03:49 (1076 turns).

Kidiri the Skirmisher (Pale Draconian Transmuter)   Turns: 1076, Time: 00:03:50

Health: -9/67      AC:  6    Str: 13    XL:     7   Next: 20%
Magic:  10/14      EV: 14    Int: 13    God:    Wu Jian [*.....]
Gold:   405        SH:  0    Dex: 13    Spells: 0/15 levels left

rFire    . . .     SeeInvis .     - Unarmed
rCold    . . .     Gourm    .   (shield currently unavailable)
rNeg     . . .     Faith    .   (armour unavailable)
rPois    .         Spirit   .   (helmet restricted)
rElec    .         Reflect  .   (no cloak)
rCorr    .         Harm     .   (gloves currently unavailable)
MR       .....     NoTele   +   (no boots)
Stlth    +++.......             (no amulet)
HPRegen  0.21/turn              (no ring)
MPRegen  0.14/turn              (no ring)

@: short of breath, blade hands (expiring)
A: breathe steam, unfitting armour, cold-blooded, AC +6
a: Breathe Steam, End Transformation, Renounce Religion


You were in the Dungeon.
You worshipped Wu Jian.
Wu Jian was aware of your devotion.
You were hungry.
You had blades for hands.
You visited 1 branch You collected 405 gold pieces.

Inventory:

Missiles
 a - 10 arrows
 p - 8 stones (quivered)
Scrolls
 i - a scroll of blinking
 o - a scroll of identify {unknown}
Potions
 d - a potion of curing
 e - a potion of heal wounds
 f - a potion of haste
 g - 2 potions of magic
Books
 b - a book of Changes

   Spells                             Type                      Level
   a - Beastly Appendage              Transmutation                1
   b - Sticks to Snakes               Transmutation                2
   c - Spider Form                    Transmutation/Poison         3
   d - Ice Form                       Ice/Transmutation            4
   e - Blade Hands                    Transmutation                5
Comestibles
 c - a bread ration


   Skills:
 * Level 7.7 Fighting
 + Level 4.7 Dodging
 + Level 4.7 Stealth
 * Level 7.6 Unarmed Combat
 + Level 4.9 Spellcasting
 * Level 7.2 Transmutations
 + Level 2.5 Ice Magic
 + Level 3.6 Poison Magic


You couldn't memorise any spells.
You knew the following spells:

 Your Spells              Type           Power        Failure   Level  Hunger
a - Beastly Appendage     Tmut           ###...       14%         1    None
b - Sticks to Snakes      Tmut           ###.....     17%         2    ##.....
c - Spider Form           Tmut/Pois      ###.......   36%         3    ###....
d - Ice Form              Ice/Tmut       ###.....     67%         4    ####...
e - Blade Hands           Tmut           ###.......   69%         5    ######.


Dungeon Overview and Level Annotations

Branches:
Dungeon (1/1)

Altars:
Cheibriados
Dithmenos
Elyvilon
Fedhas
Gozag
Hepliaklqana
Kikubaaqudgha
Makhleb
Nemelex Xobeh
Okawaru
Qazlal
Ru
Sif Muna
Trog
Uskayaw
Vehumet
Wu Jian
Xom
Yredelemnul
Zin
The Shining One
Jiyva
Lugonu

Shops:
D }

Annotations:
D exclusion: door


Innate Abilities, Weirdness & Mutations

You can breathe blasts of scalding, opaque steam.
Your pale cyan-grey scales are hard. (AC +6)
You cannot fit into any form of body armour.
You are cold-blooded and may be slowed by cold attacks.


Message History

You exhale a blast of scalding steam.
The ball of steam hits the centaur warrior.
The centaur warrior is moderately wounded.
You feel slightly more hungry.
Your transformation is almost over.
The centaur warrior is engulfed in a cloud of scalding steam.
The centaur warrior shoots an arrow.
The arrow hits you!
* * * LOW HITPOINT WARNING * * *
The centaur warrior hits you!
* * * LOW HITPOINT WARNING * * *
The centaur warrior is engulfed in a cloud of scalding steam.
The centaur warrior shoots an arrow.
The arrow closely misses you.
Unknown command.
Unknown command.
Unknown command.
You spin and attack the centaur warrior.
You hit the centaur warrior.
The centaur warrior is lightly wounded.
The centaur warrior hits you!
You die...

###################
#..'..#..'..#__#..+
'..#..'..#..+..+..#
#####+#####'#__####
####..#...#§####(=#
#__####..##.#≈§§§c#
#_____##+#_.'§§§@§+
#_.∩...+..§_#(§§§c#
#_..__##_.#+##+####
#_____###+#.#
####### ###


You could see 2 centaur warriors.

Vanquished Creatures
  A slime creature (D)
  Sigmund (D)
  A yak (D)
  An ogre (D)
  A jelly (D)
  Ijyb (D)
6 creatures vanquished.

Notes
Turn   | Place    | Note
-------+----------+-------------------------------------------
     0 | D        | Kidiri the Draconian Transmuter began the quest for the Orb.
     0 | D        | Reached XP level 1. HP: 16/16 MP: 3/3
     3 | D        | Noticed Ijyb
    13 | D        | Killed Ijyb
    13 | D        | Reached skill level 1 in Stealth
    13 | D        | Reached XP level 2. HP: 20/26 MP: 2/5
   263 | D        | Learned a level 2 spell: Sticks to Snakes
   271 | D        | Noticed an ogre
   281 | D        | Killed an ogre
   281 | D        | Reached skill level 5 in Unarmed Combat
   281 | D        | Reached XP level 3. HP: 34/34 MP: 1/7
   281 | D        | Reached XP level 4. HP: 41/41 MP: 1/8
   348 | D        | Learned a level 3 spell: Spider Form
   349 | D        | Noticed Sigmund
   356 | D        | Killed Sigmund
   356 | D        | Reached skill level 5 in Transmutations
   356 | D        | Reached XP level 5. HP: 39/50 MP: 5/11
   425 | D        | Learned a level 4 spell: Ice Form
   427 | D        | Found an ornate altar of the Wu Jian Council.
   427 | D        | Found a deep blue altar of Sif Muna.
   429 | D        | Found a radiant altar of Vehumet.
   432 | D        | Became a worshipper of the Wu Jian Council
   445 | D        | Reached XP level 6. HP: 12/58 MP: 10/12
   703 | D        | Found Pimeamp's Gadget Emporium.
   703 | D        | Found an ancient bone altar of Kikubaaqudgha.
   703 | D        | Found a hazy altar of Hepliaklqana.
   703 | D        | Found a stormy altar of Qazlal.
   703 | D        | Found a hide-covered altar of Uskayaw.
   703 | D        | Found a blossoming altar of Fedhas.
   703 | D        | Found a bloodstained altar of Trog.
   703 | D        | Found an iron altar of Okawaru.
   703 | D        | Found a basalt altar of Yredelemnul.
   703 | D        | Found a glowing golden altar of the Shining One.
   703 | D        | Found a snail-covered altar of Cheibriados.
   703 | D        | Found a sacrificial altar of Ru.
   703 | D        | Found a glowing silver altar of Zin.
   703 | D        | Found a shadowy altar of Dithmenos.
   703 | D        | Found a white marble altar of Elyvilon.
   703 | D        | Noticed a yak
   704 | D        | Found an opulent altar of Gozag.
   712 | D        | Killed a yak
   712 | D        | Reached skill level 1 in Ice Magic
   713 | D        | Found a sparkling altar of Nemelex Xobeh.
   734 | D        | Found a burning altar of Makhleb.
   734 | D        | Found a viscous altar of Jiyva.
   734 | D        | Found a shimmering altar of Xom.
   734 | D        | Found a corrupted altar of Lugonu.
   734 | D        | Noticed a slime creature
   749 | D        | HP: 1/60 [slime creature (16)]
   753 | D        | Killed a slime creature
   753 | D        | Reached * piety under Wu Jian
   753 | D        | Your scales start taking on a pale cyan-grey colour.
   753 | D        | Reached XP level 7. HP: 6/67 MP: 7/14
  1056 | D        | Learned a level 5 spell: Blade Hands
  1071 | D        | Noticed a centaur warrior
  1071 | D        | Noticed a centaur warrior
  1076 | D        | Mangled by a centaur warrior

Vault maps used:
D:        dungeon_sprint_1

Skill      XL: |  1  2  3  4  5  6 |
---------------+-------------------+-----
Fighting       | 3 4 6 7 |  7.7
Dodging        | 2 3 4 |  4.7
Stealth        | 1 2 3 4 |  4.7
Unarmed Combat | 4 5 6 7 |  7.6
Transmutations | 3 4 5 6 7 |  7.2
Spellcasting   | 3 4 |  4.9
Poison Magic   | 2 3 |  3.6
Ice Magic      | 2 |  2.5

Action                   |  1- 3 |  4- 6 |  7- 9 || total
-------------------------+-------+-------+-------++-------
Melee: Unarmed           |    16 |    34 |     1 ||    51
       Kick              |     2 |       |       ||     2
       Tailslap          |     1 |     1 |       ||     2
       Headbutt          |     1 |       |       ||     1
 Cast: Beastly Appendage |     2 |       |       ||     2
       Sticks to Snakes  |     2 |       |       ||     2
       Spider Form       |       |     4 |       ||     4
       Ice Form          |       |     1 |       ||     1
       Blade Hands       |       |       |     1 ||     1
 Abil: Breathe Steam     |       |       |     1 ||     1
  Use: Potion            |     1 |     1 |       ||     2
 Stab: Sleeping          |     1 |     3 |       ||     4
  Eat: Chunk             |       |       |     1 ||     1
Armor: Skin              |       |       |     1 ||     1
Dodge: Dodged            |     4 |    25 |     3 ||    32

Table legend:
 A = Spawn XP
 B = Non-spawn XP
 C = Spawn XP percentage of total XP
 D = Spawn monster count
 E = Non-spawn monster count
 F = Spawn count percentage of total count
 G = Total turns spent on level
                    A         B        C        D         E        F      G
               +---------+---------+-------+---------+---------+-------+---------
         Total |       0 |     874 |   0.0 |       0 |       6 |   0.0 |  1076
               +---------+---------+-------+---------+---------+-------+---------
             D |       0 |     874 |   0.0 |       0 |       6 |   0.0 |  1076
               +---------+---------+-------+---------+---------+-------+---------
